 Dungeon Crawl Stone Soup version 0.26.1-11-gd32895ea62 (webtiles) character file.

Game seed: 14042157561883933771

228 SSird the Bolt Thrower (level 6, -2/50 HPs)
             Began as a Gnoll Wanderer on June 23, 2021.
             Slain by an orc warrior
             ... wielding a +0 glaive
              (6 damage)
             ... on level 4 of the Dungeon.
             The game lasted 00:07:00 (4417 turns).

SSird the Bolt Thrower (Gnoll Wanderer)             Turns: 4417, Time: 00:07:00

Health: -2/50      AC: 10    Str: 14    XL:     6   Next: 2%
Magic:  8/8        EV:  7    Int: 16    God:
Gold:   266        SH:  0    Dex: 21    Spells: 8/8 levels left

rFire    . . .     SeeInvis .   b - +4 dagger
rCold    . . .     Faith    .   (no shield)
rNeg     . . .     Spirit   .   x - +0 chain mail
rPois    .         Reflect  .   (no helmet)
rElec    .         Harm     .   (no cloak)
rCorr    .         Rampage  .   w - +0 pair of gloves
Will     .....                  (no boots)
Stlth    ..........             (no amulet)
HPRegen  0.16/turn              m - +6 ring of dexterity
MPRegen  0.11/turn              (no ring)

@: slowed, very slow
A: distributed training, fangs 1, strong nose
a: no special abilities


You were on level 4 of the Dungeon.
You visited 1 branch of the dungeon, and saw 4 of its levels.

You collected 266 gold pieces.

Inventory:

Hand Weapons
 a - a +3 hand crossbow
 b - a +4 dagger (weapon)
 n - a +0 antimagic lajatang
 q - a -3 spear
Missiles
 f - 86 arrows
 k - 60 bolts
Armour
 c - a +0 leather armour
 e - a +1 robe
 w - a +0 pair of gloves (worn)
 x - a +0 chain mail (worn)
Magical Staves
 s - an uncursed staff of earth
Jewellery
 m - a +6 ring of dexterity (left hand)
Wands
 y - a wand of random effects (21)
Scrolls
 h - 2 scrolls of identify {unknown}
 i - 2 scrolls of teleportation
 r - 2 scrolls of amnesia {unknown}
 t - a scroll of noise {unknown}
 u - 2 scrolls of random uselessness {unknown}
 v - a scroll of enchant weapon
Potions
 d - a potion of lignification
 g - a potion of magic {unknown}
 j - a potion of heal wounds {unknown}
 l - 4 potions of curing {unknown}
 o - 2 potions of brilliance {unknown}
 p - 3 potions of mutation {unknown}
 z - a potion of ambrosia {unknown}


   Skills:
 + Level 4.9 Fighting
 + Level 1.7 Short Blades
 + Level 1.7 Long Blades
 + Level 1.7 Axes
 + Level 1.7 Maces & Flails
 + Level 1.7 Polearms
 + Level 1.7 Staves
 + Level 1.7 Slings
 + Level 4.9 Bows
 + Level 6.7 Crossbows
 + Level 3.1 Throwing
 + Level 3.1 Armour
 + Level 1.7 Dodging
 + Level 1.7 Stealth
 + Level 1.7 Shields
 + Level 1.7 Unarmed Combat
 + Level 1.7 Spellcasting
 + Level 1.3 Conjurations
 + Level 1.3 Hexes
 + Level 1.3 Summonings
 + Level 1.3 Necromancy
 + Level 1.3 Translocations
 + Level 1.3 Transmutations
 + Level 1.3 Fire Magic
 + Level 1.3 Ice Magic
 + Level 1.3 Air Magic
 + Level 1.3 Earth Magic
 + Level 1.3 Poison Magic
 + Level 2.0 Invocations
 + Level 3.1 Evocations


You had 8 spell levels left.
You didn't know any spells.
Your spell library was empty.

Dungeon Overview and Level Annotations

Branches:
Dungeon (4/15)
 Temple: D:4-7

Altars:
Qazlal
Vehumet

Annotations:
D:4 Edmund


Innate Abilities, Weirdness & Mutations

Your experience applies equally to all skills.
You have very sharp teeth.
Your uncanny sense of smell can sniff out nearby items.


Message History

The orc warrior hits you from afar with a +0 glaive!
The orc wizard gestures wildly while chanting.
The orc wizard blinks!
The orc wizard points at you and mumbles some strange words.
The magic dart hits you.
The orc warrior hits you from afar with a +0 glaive!
The orc wizard hits you but does no damage.
The orc wizard barely misses you.
The orc warrior hits you from afar with a +0 glaive!
* * * LOW HITPOINT WARNING * * *
You feel yourself speed up.
The orc wizard gestures at you while chanting.
You feel yourself slow down.
The orc wizard mumbles some strange words.
The orc wizard blinks!
The orc wizard casts a spell at you. The magic dart hits you.
* * * LOW HITPOINT WARNING * * *
The orc warrior hits you from afar with a +0 glaive.
You die...

.......# #.#.##.# ...#####
#.#.##.##############
...##########.#..................
..............#.##.####.#########
..........)..........##.######
.............................#
....#######...#.##.......<##.#
..#................####.####.#
..#..####.#...#.@....##.# #.#
.............oo..>....#.####.#
......###.#...o..............#
..#.......#..#..#.##.##.####.#
..#..#....#..#..#.##.##.####.#
..#..........................#
#...............#.##.##.####.#
..........#)###.#.##.##.####.#
###..##.#.#)..............##.#


You could see an orc warrior, an orc wizard (fast) and an orc.

Vanquished Creatures
  Blork the orc (D:4)
  A hound (D:4)
  6 adders
  A white imp (D:3)
  A worm (D:3)
  2 dart slugs
  2 leopard geckos
  3 orcs (D:4)
  8 bats
  4 giant cockroaches
  5 goblins
  6 hobgoblins
  3 jackals (D:1)
  5 kobolds
  3 quokkas
  A ball python (D:2)
  4 frilled lizards
  8 rats
64 creatures vanquished.

Vanquished Creatures (others)
  3 plants
3 creatures vanquished.

Grand Total: 67 creatures vanquished

Notes
Turn   | Place    | Note
-------+----------+-------------------------------------------
     0 | D:1      | SSird the Gnoll Wanderer began the quest for the Orb.
     0 | D:1      | SSird set off with the following items: a +2 hand crossbow,
                  | 30 bolts, a +0 mace, a potion of lignification, a +0 robe
     0 | D:1      | Reached XP level 1. HP: 20/20 MP: 1/1
    85 | D:1      | Reached XP level 2. HP: 26/26 MP: 2/2
   404 | D:1      | Reached XP level 3. HP: 24/31 MP: 3/3
   937 | D:2      | Reached skill level 1 in Invocations
  1361 | D:2      | You fall into a shaft and drop 2 floors!
  1395 | D:3      | Reached skill level 1 in Short Blades
  1395 | D:3      | Reached skill level 1 in Long Blades
  1395 | D:3      | Reached skill level 1 in Axes
  1395 | D:3      | Reached skill level 1 in Maces & Flails
  1395 | D:3      | Reached skill level 1 in Polearms
  1395 | D:3      | Reached skill level 1 in Staves
  1395 | D:3      | Reached skill level 1 in Slings
  1395 | D:3      | Reached skill level 1 in Dodging
  1395 | D:3      | Reached skill level 1 in Stealth
  1395 | D:3      | Reached skill level 1 in Shields
  1395 | D:3      | Reached skill level 1 in Unarmed Combat
  1395 | D:3      | Reached skill level 1 in Spellcasting
  1395 | D:3      | Reached XP level 4. HP: 32/38 MP: 5/5
  1626 | D:3      | Found a radiant altar of Vehumet.
  2112 | D:3      | Reached skill level 1 in Conjurations
  2112 | D:3      | Reached skill level 1 in Hexes
  2112 | D:3      | Reached skill level 1 in Summonings
  2112 | D:3      | Reached skill level 1 in Necromancy
  2112 | D:3      | Reached skill level 1 in Translocations
  2112 | D:3      | Reached skill level 1 in Transmutations
  2112 | D:3      | Reached skill level 1 in Fire Magic
  2112 | D:3      | Reached skill level 1 in Ice Magic
  2112 | D:3      | Reached skill level 1 in Air Magic
  2112 | D:3      | Reached skill level 1 in Earth Magic
  2112 | D:3      | Reached skill level 1 in Poison Magic
  2238 | D:2      | Found a stormy altar of Qazlal.
  2872 | D:3      | Reached XP level 5. HP: 36/43 MP: 5/7
  3767 | D:4      | Noticed Edmund
  4265 | D:4      | Noticed Blork the orc
  4269 | D:4      | Killed Blork the orc
  4270 | D:4      | Reached XP level 6. HP: 44/50 MP: 8/8
  4363 | D:4      | Noticed an orc warrior
  4417 | D:4      | Slain by an orc warrior

Illustrated notes

Levels and vault maps discovered:
D:1:      dpeg_arrival_solitude, layout_basic, serial_forest,
          infiniplex_forest_corner_1, infiniplex_forest_end_2,
          infiniplex_forest_clump_curved, infiniplex_forest_clump_medium,
          infiniplex_forest_clump_tiny, infiniplex_forest_clump_double,
          infiniplex_forest_lined_4_way, infiniplex_forest_lined_corner,
          infiniplex_forest_clump_double
D:2:      layout_rooms, serial_bayou_pond_d, nicolae_qazlal_eye_of_the_storm
D:3:      layout_basic, vehumet_crystals, kennysheep_crisscross,
          minmay_misc_feat_columns, minmay_misc_feat_secret_circle,
          patterned_corridor
D:4:      layout_basic, corexii_corridor_pit, guppyfry_early_orc_mine,
          uniq_edmund, uniq_crazy_yiuf_cottage, uniq_blork_the_orc

Skill      XL: |  1  2  3  4  5 |
---------------+----------------+-----
Invocations    | 1 2 |  2.0
Short Blades   | 1 |  1.7
Long Blades    | 1 |  1.7
Axes           | 1 |  1.7
Maces & Flails | 1 |  1.7
Polearms       | 1 |  1.7
Staves         | 1 |  1.7
Slings         | 1 |  1.7
Dodging        | 1 |  1.7
Stealth        | 1 |  1.7
Shields        | 1 |  1.7
Unarmed Combat | 1 |  1.7
Spellcasting   | 1 |  1.7
Conjurations   | 1 |  1.3
Hexes          | 1 |  1.3
Summonings     | 1 |  1.3
Necromancy     | 1 |  1.3
Translocations | 1 |  1.3
Transmutations | 1 |  1.3
Fire Magic     | 1 |  1.3
Ice Magic      | 1 |  1.3
Air Magic      | 1 |  1.3
Earth Magic    | 1 |  1.3
Poison Magic   | 1 |  1.3
Throwing       | 3 |  3.1
Armour         | 3 |  3.1
Evocations     | 3 |  3.1
Fighting       | |  4.9
Bows           | |  4.9
Crossbows      | |  6.7

Action                   |  1- 3 |  4- 6 || total
-------------------------+-------+-------++-------
Melee: Short sword       |    20 |       ||    20
       Dagger            |    49 |   108 ||   157
       Bite              |     9 |    23 ||    32
       Spear             |    17 |       ||    17
       Lajatang          |       |     6 ||     6
 Fire: Hand crossbow     |    10 |     5 ||    15
  Use: Scroll            |     5 |       ||     5
 Stab: Sleeping          |     5 |     3 ||     8
Armor: Robe              |    18 |    12 ||    30
       Chain mail        |       |    26 ||    26
Dodge: Dodged            |    78 |    46 ||   124
